 Dungeon Crawl Stone Soup version 0.29-a0-409-gd843f3a48c (webtiles) character file.

Game seed: 5460098250171408771

24 sammy202020 the Skirmisher (level 2, -2/27 HPs)
             Began as a Minotaur Fighter on May 13, 2022.
             Slain by Sigmund
             ... wielding a +1 antimagic scythe
              (4 damage)
             ... on level 2 of the Dungeon.
             The game lasted 00:01:12 (838 turns).

sammy202020 the Skirmisher (Minotaur Fighter)        Turns: 838, Time: 00:01:12

Health: -2/27      AC:  7    Str: 17 (20) XL:     2   Next: 79%
Magic:  0/1        EV:  9    Int:  4 (5)  God:
Gold:   24         SH:  4    Dex:  7 (9)  Spells: 1/1 levels left

rFire   . . .      SeeInvis .   a - +0 war axe
rCold   . . .      Faith    .   c - +0 buckler
rNeg    . . .      Spirit   .   b - +0 scale mail
rPois   .          Reflect  .   (helmet restricted)
rElec   .          Harm     .   (no cloak)
rCorr   .          Rampage  .   (no gloves)
Will    .....                   (no boots)
Stlth   ..........              (no amulet)
HPRegen 0.09/turn               (no ring)
MPRegen 0.07/turn               (no ring)

@: no status effects
A: horns 2, retaliatory headbutt
a: no special abilities


You were on level 2 of the Dungeon.
You visited 1 branch of the dungeon, and saw 2 of its levels.

You collected 24 gold pieces.

Inventory:

Hand Weapons
 a - a +0 war axe (weapon)
Missiles
 h - 2 throwing nets (quivered)
Armour
 b - a +0 scale mail (worn)
 c - a +0 buckler (worn)
Jewellery
 g - an amulet of magic regeneration
Scrolls
 i - a scroll of enchant weapon {unknown}
 j - a scroll of enchant armour {unknown}
 k - a scroll of identify {unknown}
Potions
 d - a potion of might


   Skills:
 + Level 4.0 Fighting
 + Level 2.9 Axes
 + Level 4.0 Armour
 + Level 4.0 Shields


You had one spell level left.
You didn't know any spells.
Your spell library was empty.

Dungeon Overview and Level Annotations

Branches:
Dungeon (2/15)

Altars:

Annotations:
D:2 Sigmund


Innate Abilities, Weirdness & Mutations

You have a pair of horns on your head.
You reflexively headbutt those who attack you in melee.


Message History

You hit the adder but do no damage. The bat hits you but does no damage.
The adder bites you but does no damage. The bat hits you but does no damage.
Something hits you.
You feel your power leaking away. The adder bites you.
You are poisoned.
The adder poisons you!
You hit the adder. You headbutt the adder.
The adder is heavily wounded.
You hit the bat.
You feel very sick. The bat hits you but does no damage.
The adder completely misses you. Something hits you!
The adder bites you but does no damage. The adder attacks as you move away!
The adder barely misses you.
You feel sick.
You closely miss the rat.
You feel sick. You block the rat's attack.
The rat bites you but does no damage.
You barely miss the rat.
You feel sick. The rat bites you but does no damage.
It was a potion of cancellation.
You feel magically purged.
You feel sick. You block the rat's attack.
Something hits you but does no damage.
Sorry, you're not good enough to have a special ability.
It was a potion of degeneration.
There was something very wrong with that liquid.
You feel weakened.
You feel dopey.
You feel clumsy.
You feel sick.
You are no longer poisoned.
The rat bites you.
* * * LOW HITPOINT WARNING * * *
You slash the rat!
You kill the rat!
The bat hits you but does no damage. Something hits you.
* * * LOW HITPOINT WARNING * * *
You block the adder's attack.
Okay, then.
You barely miss the adder.
The adder is heavily wounded.
Something hits you but does no damage. The adder closely misses you.
You closely miss the adder.
The adder is heavily wounded.
The adder closely misses you. Something hits you.
You die...

#........
#........
#........
#........
#........
#........
#####........
#....S####+#
#.####@....#
#. #)#####
#.####.#
#....).#
###..### ##.#
#.# #.# #.#


You could see an adder.

Vanquished Creatures
  2 ball pythons (D:1)
  An endoplasm (D:1)
  3 giant cockroaches (D:1)
  2 goblins (D:1)
  2 hobgoblins (D:1)
  5 kobolds
  A quokka (D:1)
  A bat (D:1)
  A frilled lizard (D:1)
  4 rats
22 creatures vanquished.

Notes
Turn   | Place    | Note
-------+----------+-------------------------------------------
     0 | D:1      | sammy202020 the Minotaur Fighter began the quest for the
                  | Orb.
     0 | D:1      | Reached XP level 1. HP: 19/19 MP: 0/0
   196 | D:1      | Reached XP level 2. HP: 27/27 MP: 1/1
   492 | D:1      | Found a faded altar of an unknown god.
   826 | D:2      | Noticed Sigmund
   838 | D:2      | Slain by Sigmund

Illustrated notes

Levels and vault maps discovered:
D:1:      lemuel_arrival_lava_pool, layout_basic, ebering_ecumenical_altar_box,
          minmay_pentomino_t2
D:2:      minmay_evil_eye, layout_basic, uniq_sigmund

Skill      XL: |  1  2 |
---------------+-------+-----
Fighting       | 4 |  4.0
Armour         | 4 |  4.0
Shields        | 4 |  4.0
Axes           | |  2.9

Action                   || total
-------------------------++-------
Melee: War axe           ||    56
       Headbutt          ||     7
  Use: Potion            ||     2
       Scroll            ||     1
Armor: Scale mail        ||    42
Dodge: Dodged            ||    21
Block: Buckler           ||    15

Table legend: (Time is in decaauts)
 A = Elapsed time spent in this place.
 B = Non-inter-level travel time spent in this place.
 C = Inter-level travel time spent in this place.
 D = Time resting spent in this place.
 E = Time spent auto-exploring this place.
 F = Levels seen in this place.
 G = Mean time per level.
                   A        B        C        D        E       F      G
               +--------+--------+--------+--------+--------+-----+--------+
         Total |    859 |    797 |     62 |      0 |    631 |   2 |  429.5 |
       Dungeon |    859 |    797 |     62 |      0 |    631 |   2 |  429.5 |
               +--------+--------+--------+--------+--------+-----+--------+

Top non-repeatable levels by time:
     D:1: 833 daAuts
     D:2: 25 daAuts
